 Dungeon Crawl Stone Soup version 0.31-a0-246-g8cbcc1cb85 (webtiles) character file.

Game seed: 18116668636801089779

127 qw the Shooter (level 5, -3/31 HPs)
             Began as a Gargoyle Hexslinger on July 12, 2023.
             Slain by a gnoll
             ... wielding a +0 spear
              (8 damage)
             ... on level 3 of the Dungeon.
             The game lasted 00:00:56 (1919 turns).

qw the Shooter (Gargoyle Hexslinger)                Turns: 1919, Time: 00:00:56

Health: -3/31      AC:  9    Str: 11    XL:     5   Next: 11%
Magic:  6/6        EV: 11    Int: 14    God:
Gold:   1174       SH:  0    Dex: 14    Spells: 5/6 levels left

rFire   . . .        Y - +1 sling
rCold   . . .        (no shield)
rNeg    + . .        d - +0 leather armour
rPois   inf          (no helmet)
rElec   +            (no cloak)
rCorr   .            e - +0 pair of gloves
SInv    .            h - +0 pair of boots
Will    .....        (no amulet)
Stlth   +            (no ring)
HPRegen 0.25/turn    (no ring)
MPRegen 0.10/turn

%: no passive effects
@: no status effects
A: sickness immunity, AC +4, negative energy resistance 1, electricity
resistance, torment resistance 1, petrification resistance
a: no special abilities


You were on level 3 of the Dungeon.
You visited 1 branch of the dungeon, and saw 3 of its levels.

You collected 1174 gold pieces.


Innate Abilities, Weirdness & Mutations

You are immune to sickness and miasma.
Your stone body is resilient. (AC +4)
You are immune to poison.
You resist negative energy. (rN+)
You are resistant to electric shocks. (rElec)
You are resistant to unholy torment.
You are immune to petrification.


   Skills:
 - Level 2.3 Fighting
 + Level 4.7 Ranged Weapons
 - Level 1.5 Dodging
 - Level 1.0 Spellcasting
 - Level 2.6 Hexes


You had 5 spell levels left.
You knew the following spells:

 Your Spells              Type           Power      Damage    Failure   Level
a - Slow                  Hex            32%        N/A       12%         1

Your spell library contained the following spells:

 Spells                   Type           Power      Damage    Failure   Level
 Inner Flame              Hex/Fire       4%         N/A       52%         3
 Portal Projectile        Hex/Tloc       8%         N/A       52%         3
 Cause Fear               Hex            4%         N/A       75%         4

Inventory:

Hand Weapons
 Y - a +1 sling (weapon)
Armour
 d - a +0 leather armour (worn)
 e - a +0 pair of gloves (worn)
 h - a +0 pair of boots (worn)
Jewellery
 c - a ring of ice
Scrolls
 a - a scroll of identify
 g - a scroll of fear {unknown}
Potions
 b - a potion of might
 f - a potion of mutation
 i - a potion of curing {unknown}
 j - a potion of degeneration {unknown}
 k - a potion of lignification {unknown}

Dungeon Overview and Level Annotations

Branches:
Dungeon (3/15)

Altars:


Message History

The adder bites you. The gnoll misses you.
The adder bites you but does no damage. The gnoll hits you but does no damage.
A gnoll comes into view. It is wielding a +0 club.
You shoot a sling bullet. The gnoll shouts!
The sling bullet hits the adder.
The adder is heavily wounded.
You hear a shout!
The adder bites you but does no damage.
The gnoll hits you from afar with a +0 spear.
You shoot a sling bullet. The sling bullet hits the adder.
You kill the adder!
The gnoll hits you but does no damage.
The gnoll throws a stone.
The stone hits you but does no damage.
You shoot a sling bullet.
The sling bullet closely misses the gnoll.
The gnoll hits you from afar with a +0 spear.
You shoot a sling bullet. The sling bullet hits the gnoll.
The gnoll is moderately wounded.
The gnoll hits you but does no damage.
The gnoll throws a stone.
The stone misses you. The gnoll barely misses you.
You shoot a sling bullet.
The sling bullet closely misses the gnoll.
The gnoll closely misses you.
You shoot a sling bullet.
The sling bullet closely misses the gnoll.
The gnoll hits you but does no damage. The gnoll hits you with a +0 club.
You shoot a sling bullet. The sling bullet hits the gnoll.
The gnoll is lightly wounded.
The gnoll closely misses you. x2
You shoot a sling bullet.
The sling bullet hits the gnoll but does no damage.
The gnoll is lightly wounded.
The gnoll hits you from afar with a +0 spear.
The gnoll hits you but does no damage.
A gnoll comes into view. It is wielding a +0 flail.
You shoot a sling bullet. The sling bullet hits the gnoll.
The gnoll is severely wounded.
The gnoll hits you from afar with a +0 spear!
You die...

#........###
#...######...##
..###.. ###..#
##...... ##.##
#.....g #..#
#...)# ##.#
#..%.# #.# #.gg.#
#.# #@# #.# #.#
#.# #.## ##..
#..# #... #..##
##... #...###
###..##
#.#...######...##
#...#........###
###.....###.##


You could see 3 gnolls.

Vanquished Creatures
  3 adders
  A gnoll (D:1)
  2 dart slugs (D:3)
  6 bats
  8 endoplasms
  3 giant cockroaches
  4 goblins
  5 hobgoblins
  10 jackals
  4 quokkas
  13 ball pythons
  3 frilled lizards
  6 kobolds
  11 rats
79 creatures vanquished.

Notes
Turn   | Place    | Note
-------+----------+-------------------------------------------
     0 | D:1      | qw the Gargoyle Hexslinger began the quest for the Orb.
     0 | D:1      | Reached XP level 1. HP: 12/12 MP: 2/2
     0 | D:1      | 0 ||| qw: Version: 0.3-a-52-g30416fa
     0 | D:1      | 0 ||| qw: Game counter: 6440
     0 | D:1      | 0 ||| qw: Melee chars always use a shield: true
     0 | D:1      | 0 ||| qw: God list: Okawaru
     0 | D:1      | 0 ||| qw: Allow faded altars: false
     0 | D:1      | 0 ||| qw: Do Orc after clearing Dungeon:15 true
     0 | D:1      | 0 ||| qw: Do second Lair branch before Depths: true
     0 | D:1      | 0 ||| qw: Lair rune preference: random
     0 | D:1      | 0 ||| qw: Goals: Normal
     0 | D:1      | 0 ||| PLANNING D:1-11
   241 | D:1      | Reached XP level 2. HP: 16/16 MP: 3/3
   309 | D:1      | Reached skill level 3 in Ranged Weapons
   461 | D:1      | Reached XP level 3. HP: 9/22 MP: 4/4
   977 | D:1      | 977 ||| UPGRADING to +0 pair of gloves.
   982 | D:1      | 982 ||| UPGRADING to +0 pair of boots.
   987 | D:1      | 987 ||| READING 2 scrolls labelled KISSOWN ENLI.
   988 | D:1      | 988 ||| READING scroll labelled KYLA TUPLIRCHE.
   988 | D:1      | Identified a scroll of acquirement
   988 | D:1      | 988 ||| ACQUIRING 1069 gold pieces
   988 | D:1      | Acquired 1069 gold pieces
   990 | D:1      | 990 ||| DRINKING 2 viscous purple potions.
   991 | D:1      | 991 ||| DROPPING scroll of poison.
   992 | D:1      | 992 ||| DROPPING potion of brilliance.
  1052 | D:2      | Reached XP level 4. HP: 24/27 MP: 5/5
  1255 | D:2      | Reached skill level 4 in Ranged Weapons
  1664 | D:2      | 1664 ||| UPGRADING to +0 leather armour.
  1674 | D:2      | 1674 ||| DROPPING +0 robe.
  1675 | D:2      | 1675 ||| READING 3 scrolls of identify.
  1675 | D:2      | 1675 ||| IDENTIFYING coppery potion
  1676 | D:2      | 1676 ||| READING 2 scrolls of identify.
  1676 | D:2      | 1676 ||| IDENTIFYING fuming inky potion
  1905 | D:3      | Reached XP level 5. HP: 24/31 MP: 6/6
  1916 | D:3      | HP: 5/31 [gnoll/+0 club (4)]
  1919 | D:3      | Slain by a gnoll

Levels and vault maps discovered:
D:1:      psy_arrival_conway, layout_loops_corners, nicolae_grassy_gnolls
D:2:      layout_basic, grunt_ministairs_11, st_stairs_9
D:3:      layout_loops_ring, dreamdust_ecumenical_altar_statues, fountainhead,
          minmay_randomly_rotated_circles

Skill      XL: |  1  2  3  4 |
---------------+-------------+-----
Ranged Weapons | 3 4 |  4.7
Fighting       | 2 |  2.3
Dodging        | |  1.5
Spellcasting   | |  1.0
Hexes          | |  2.6

Action                     |  1- 3 |  4- 6 || total
---------------------------+-------+-------++-------
   Fire: Sling             |   114 |   123 ||   237
    Use: Scroll            |     2 |     2 ||     4
         Potion            |     1 |       ||     1
 Armour: Robe              |    30 |    18 ||    48
         Leather armour    |       |    30 ||    30
  Dodge: Dodged            |    60 |    89 ||   149

Table legend:
 A = Non-vault XP
 B = Vault XP
 C = Vault XP percentage of total XP
 D = Non-vault monster count
 E = Vault monster count
 F = Vault count percentage of total count
                 A         B        C        D         E       F
            +---------+---------+-------+---------+---------+-------
      Total |     130 |      52 |  28.6 |      68 |      11 |  13.9
            +---------+---------+-------+---------+---------+-------
        D:1 |      55 |      14 |  20.3 |      34 |       1 |   2.9
        D:2 |      53 |      17 |  24.3 |      25 |       4 |  13.8
        D:3 |      22 |      21 |  48.8 |       9 |       6 |  40.0
            +---------+---------+-------+---------+---------+-------
